 Dungeon Sprint DCSS version 0.29-a0-620-g13ace881f2 (webtiles) character file.

Game seed: 18168112601710897024

3713 rocky1 the Brawler (level 9, -2/97 HPs)
             Began as a Purple Draconian Transmuter on June 19, 2022.
             Was a High Priest of Sif Muna.
             Slain by a molten gargoyle
             ... wielding a +0 morningstar
              (13 damage)
             ... in the Dungeon (Sprint VII: "The Pits").
             The game lasted 00:11:39 (2478 turns).

rocky1 the Brawler (Purple Draconian Transmuter)    Turns: 2478, Time: 00:11:39

Health: -2/97      AC:  8    Str: 13    XL:     9   Next: 91%
Magic:  19/21      EV: 11    Int: 18    God:    Sif Muna [*****.]
Gold:   0          SH:  0    Dex: 11    Spells: 14/24 levels left

rFire   x . .      SeeInvis .     - Unarmed
rCold   + + +      Faith    .   (shield currently unavailable)
rNeg    . . .      Spirit   .   (body armour unavailable)
rPois   +          Reflect  .   (helmet currently unavailable)
rElec   .          Harm     .   (cloak currently unavailable)
rCorr   .          Rampage  .   (gloves currently unavailable)
Will    +....      NoTele   +   (boots currently unavailable)
Stlth   +.........              (no amulet)
HPRegen 0.26/turn               (no ring)
MPRegen 0.17/turn               (no ring)

@: ice-form
A: freezing attack, amphibious, boosted hp, (breathe power), AC +7, large,
unfitting armour, (cold-blooded)
a: End Transformation, Renounce Religion, Channel Magic, Forget Spell, Divine
Exegesis


You were in the Dungeon.
You worshipped Sif Muna.
Sif Muna was extremely pleased with you.
You were a creature of crystalline ice.
You visited 1 branch

Inventory:

Armour
 o - a +0 cloak (melded)
Jewellery
 k - a +3 ring of protection
 l - a +3 ring of intelligence
Scrolls
 g - a scroll of blinking
 i - 5 scrolls of amnesia
 j - a scroll of summoning
Potions
 a - a potion of lignification
 b - 7 potions of curing
 c - 8 potions of heal wounds
 d - a potion of haste
 e - 4 potions of magic
 f - 4 potions of berserk rage
 h - 2 potions of invisibility
 m - a potion of resistance
 n - 4 potions of mutation


   Skills:
 + Level 8.2 Fighting
 + Level 6.6 Dodging
 - Level 0.7 Stealth
 + Level 16.0 Unarmed Combat
 + Level 8.3 Spellcasting
 + Level 7.9 Transmutations
 - Level 4.4 Ice Magic
 - Level 4.5 Poison Magic
 + Level 5.6 Invocations


You had 14 spell levels left.
You knew the following spells:

 Your Spells              Type           Power      Damage    Failure   Level
a - Beastly Appendage     Tmut           72%        N/A       1%          1
b - Wereblood             Tmut           36%        N/A       1%          2
c - Spider Form           Tmut/Pois      30%        N/A       2%          3
d - Ice Form              Ice/Tmut       29%        N/A       8%          4

Your spell library contained the following spells:

 Spells                   Type           Power      Damage    Failure   Level
 Inner Flame              Hex/Fire       7%         N/A       28%         3
 Summon Ice Beast         Ice/Summ       15%        N/A       36%         4
 Summon Forest            Summ/Tloc      3%         N/A       95%         5
 Summon Mana Viper        Hex/Summ       7%         N/A       95%         5
 Summon Hydra             Summ           3%         N/A       100%        7
 Necromutation            Tmut/Necr      10%        N/A       100%        8
 Death's Door             Necr           3%         N/A       100%        9
 Dragon's Call            Summ           3%         N/A       100%        9


Dungeon Overview and Level Annotations

Branches:
Dungeon (1/1)

Altars:
Ashenzari
Cheibriados
Dithmenos
Elyvilon
Fedhas
Gozag
Hepliaklqana
Kikubaaqudgha
Makhleb
Nemelex Xobeh
Okawaru
Qazlal
Ru
Sif Muna
Trog
Uskayaw
Vehumet
Wu Jian
Xom
Yredelemnul
Zin
The Shining One
Beogh
Jiyva
Lugonu


Innate Abilities, Weirdness & Mutations

You are a creature of crystalline ice.
You have a powerful freezing melee attack.
You are amphibious.
Your maximum health is increased.
Your armour is entirely melded.
You are incapable of wielding weapons or throwing items.
((You can breathe bolts of dispelling energy.))
((Your rich purple scales are hard. (AC +7)))
You cannot fit into any form of body armour.
((You are cold-blooded and may be slowed by cold attacks.))


Message History

You kill the kobold!
Sif Muna accepts your kill.
You barely miss the kobold demonologist.
You pummel the kobold demonologist!! You freeze the kobold demonologist!
The kobold demonologist is severely wounded.
The kobold demonologist gestures wildly while chanting.
You barely miss the kobold demonologist.
The kobold demonologist is severely wounded.
The kobold demonologist hits you with a +0 dagger.
You are too injured to fight recklessly!
You are too injured to fight recklessly!
You punch the kobold demonologist! You freeze the kobold demonologist.
You kill the kobold demonologist!
Sif Muna accepts your kill.
The smoke demon disappears in a puff of smoke!
The red devil disappears in a puff of smoke!
Your Fighting skill increases to level 8!
You closely miss the kobold brigand. You barely miss the kobold brigand.
The kobold demonologist casts a cantrip, but nothing happens.
You punch the kobold brigand! You freeze the kobold brigand.
The kobold brigand is heavily wounded.
The kobold brigand closely misses you.
The kobold demonologist looks encouraged for a moment.
You punch the kobold brigand! You freeze the kobold brigand.
You kill the kobold brigand!
Sif Muna accepts your kill.
The kobold demonologist looks encouraged for a moment.
There is an open door, spattered with blood here.
Items here: )) [ ††.
You hit the kobold demonologist but do no damage.
The kobold demonologist hits you with a +0 dagger.
The molten gargoyle blasts magma at you!
The bolt of magma hits you! The lava burns you terribly!
You pummel the kobold demonologist!! You freeze the kobold demonologist.
The kobold demonologist is heavily wounded.
The molten gargoyle hits you with a +0 morningstar!!
* * * LOW HITPOINT WARNING * * *
You are engulfed in flames!
The fire burns you terribly!
You die...

#................+
'................+
#......#..#......#
#................#
####'#####''######
#.......##''# ##### ####
#.......##).###...# #..'
#.......##.).##.K9##..#
#...<...###...##Y##..##
#.......# ##....).†...#
#.......###..###+###...#
#.......##.)##.....##..#
##########.)+)......+
.'.
##########..##.....##
#R.
...#..[[###..###'###...#
' ...#...[#
##..........# ...'..))#
#...##+##..##


You could see a kobold demonologist and a molten gargoyle.

Vanquished Creatures
  A deep troll (D)
  Pikel (D)
  A manticore (D)
  An unseen horror (D)
  A kobold demonologist (D)
  A hellwing (D)
  A polar bear (D)
  A snapping turtle (D)
  A flying skull (D)
  A shadow (D)
  2 floating eyes (D)
  An ice beast (D)
  Duvessa (D)
  A black bear (D)
  2 lemures (D)
  A kobold brigand (D)
  A gnoll sergeant (D)
  2 bullfrogs (D)
  Dowan (D)
  A gnoll shaman (D)
  10 gnolls (D)
  2 river rats (D)
  2 bats (D)
  An endoplasm (D)
  2 hobgoblins (D)
  3 kobolds (D)
  A ball python skeleton (D)
  A rat (D)
45 creatures vanquished.

Notes
Turn   | Place    | Note
-------+----------+-------------------------------------------
     0 | D        | rocky1 the Draconian Transmuter began the quest for the
                  | Orb.
     0 | D        | Reached XP level 1. HP: 16/16 MP: 3/3
    24 | D        | Found a bloodstained altar of Trog.
    24 | D        | Found a shimmering blue altar of Sif Muna.
    24 | D        | Found a viscous altar of Jiyva.
    24 | D        | Found a hazy altar of Hepliaklqana.
    24 | D        | Found an opulent altar of Gozag.
    25 | D        | Found a glowing golden altar of the Shining One.
    25 | D        | Found a glowing silver altar of Zin.
    25 | D        | Found a basalt altar of Yredelemnul.
    25 | D        | Found a shimmering altar of Xom.
    25 | D        | Found an ornate altar of the Wu Jian Council.
    25 | D        | Found a sacrificial altar of Ru.
    25 | D        | Found a stormy altar of Qazlal.
    25 | D        | Found an iron altar of Okawaru.
    25 | D        | Found a sparkling altar of Nemelex Xobeh.
    25 | D        | Found a burning altar of Makhleb.
    25 | D        | Found a blossoming altar of Fedhas.
    25 | D        | Found a white marble altar of Elyvilon.
    25 | D        | Found a shadowy altar of Dithmenos.
    25 | D        | Found a snail-covered altar of Cheibriados.
    27 | D        | Found a radiant altar of Vehumet.
    27 | D        | Found a corrupted altar of Lugonu.
    28 | D        | Found a hide-covered altar of Uskayaw.
    28 | D        | Found an ancient bone altar of Kikubaaqudgha.
    28 | D        | Found a broken altar of Ashenzari.
    30 | D        | Became a worshipper of Sif Muna the Loreminder
    70 | D        | Noticed a floating eye
    72 | D        | Paralysed by a floating eye for 3 turns
    77 | D        | Killed a floating eye
    78 | D        | Reached skill level 7 in Unarmed Combat
    78 | D        | Reached XP level 2. HP: 23/23 MP: 2/6
    78 | D        | Reached XP level 3. HP: 28/28 MP: 2/8
    78 | D        | Reached XP level 4. HP: 35/35 MP: 2/9
   395 | D        | Learned a level 2 spell: Wereblood
   399 | D        | Learned a level 3 spell: Spider Form
   404 | D        | Learned a level 4 spell: Ice Form
   406 | D        | Noticed a floating eye
   409 | D        | Killed a floating eye
   409 | D        | Reached * piety under Sif Muna
   410 | D        | Reached skill level 8 in Unarmed Combat
   410 | D        | Reached skill level 1 in Ice Magic
   410 | D        | Reached skill level 1 in Poison Magic
   410 | D        | Reached XP level 5. HP: 42/42 MP: 8/11
   563 | D        | Reached ** piety under Sif Muna
   676 | D        | Noticed a black bear
   676 | D        | Noticed a lemure
   676 | D        | Noticed a lemure
   685 | D        | Noticed a lemure
   688 | D        | Reached skill level 9 in Unarmed Combat
   688 | D        | Reached XP level 6. HP: 49/51 MP: 2/12
   691 | D        | Noticed Pikel
   704 | D        | Killed Pikel
   704 | D        | Reached *** piety under Sif Muna
   705 | D        | Reached skill level 11 in Unarmed Combat
   705 | D        | Reached skill level 5 in Spellcasting
   705 | D        | Reached skill level 5 in Transmutations
   705 | D        | Your scales start taking on a rich purple colour.
   705 | D        | Reached XP level 7. HP: 24/60 MP: 4/16
   931 | D        | Reached **** piety under Sif Muna
   944 | D        | Noticed a deep troll
   949 | D        | Killed a deep troll
   950 | D        | Reached skill level 5 in Fighting
   950 | D        | Reached skill level 12 in Unarmed Combat
   950 | D        | Reached XP level 8. HP: 35/70 MP: 15/18
  1247 | D        | Noticed Duvessa
  1247 | D        | Noticed Dowan
  1251 | D        | Killed Dowan
  1252 | D        | Reached skill level 13 in Unarmed Combat
  1257 | D        | Killed Duvessa
  1258 | D        | Reached skill level 5 in Dodging
  1445 | D        | Noticed a flying skull
  1445 | D        | Noticed a polar bear
  1454 | D        | Killed a flying skull
  1458 | D        | Killed a polar bear
  1458 | D        | Reached ***** piety under Sif Muna
  1459 | D        | Reached skill level 14 in Unarmed Combat
  1463 | D        | Reached XP level 9. HP: 29/78 MP: 11/20
  1783 | D        | Received a gift from Sif Muna
  1788 | D        | Got Sif Muna's Handbook of Evil and Illusion {god gift}
  1795 | D        | Noticed a hellwing
  1795 | D        | Noticed a manticore
  1803 | D        | Killed a hellwing
  1804 | D        | Reached skill level 15 in Unarmed Combat
  1809 | D        | Killed a manticore
  2093 | D        | Noticed a boulder beetle
  2230 | D        | Killed an unseen horror
  2230 | D        | Received a gift from Sif Muna
  2231 | D        | Reached skill level 5 in Invocations
  2231 | D        | Got Sif Muna's Almanac of Illusion and Flames {god gift}
  2460 | D        | Reached skill level 16 in Unarmed Combat
  2460 | D        | Noticed an efreet
  2463 | D        | Noticed a molten gargoyle
  2463 | D        | Noticed a kobold demonologist
  2463 | D        | Noticed a kobold demonologist
  2466 | D        | Noticed a smoke demon
  2470 | D        | Noticed a red devil
  2471 | D        | Killed a kobold demonologist
  2478 | D        | Slain by a molten gargoyle

Illustrated notes

Levels and vault maps discovered:
D:        pitsprint [storerooms_1, entrance_room_1, metal_vault_5, armoury_3,
          mini_pit_1, grid_room_1, main_hall_1, silver_pit, the_coven_3,
          the_vestibule_1, steel_vault_4, golden_pit, hallway_of_sentries,
          crystal_vault_6, iron_vault_2, final_vault]

Skill      XL: |  1  2  3  4  5  6  7  8  9 |
---------------+----------------------------+-----
Dodging        | 3 4 5 6 |  6.6
Unarmed Combat | 7 8 9 11 12 14 16 | 16.0
Spellcasting   | 3 4 6 7 8 |  8.3
Transmutations | 3 4 5 6 7 |  7.9
Fighting       | 2 3 4 5 6 8 |  8.2
Ice Magic      | 1 2 4 |  4.4
Poison Magic   | 1 2 3 4 |  4.5
Invocations    | 2 4 5 |  5.6
Stealth        | |  0.7

Action                   |  1- 3 |  4- 6 |  7- 9 || total
-------------------------+-------+-------+-------++-------
Melee: Unarmed           |    10 |    37 |   106 ||   153
       Kick              |     1 |     2 |       ||     3
       Headbutt          |     1 |     4 |       ||     5
       Tailslap          |       |     2 |     1 ||     3
       Punch             |       |     1 |       ||     1
 Cast: Beastly Appendage |     1 |     1 |     1 ||     3
       Spider Form       |       |     2 |       ||     2
       Ice Form          |       |       |     6 ||     6
  Use: Potion            |       |       |     2 ||     2
Armor: Skin              |     1 |     4 |    34 ||    39
Dodge: Dodged            |     4 |    32 |    70 ||   106

Table legend: (Time is in decaauts)
 A = Elapsed time spent in this place.
 B = Non-inter-level travel time spent in this place.
 C = Inter-level travel time spent in this place.
 D = Time resting spent in this place.
 E = Time spent auto-exploring this place.
 F = Levels seen in this place.
 G = Mean time per level.
                   A        B        C        D        E       F      G
               +--------+--------+--------+--------+--------+-----+--------+
         Total |   2443 |   2443 |      0 |   1908 |      0 |   1 | 2443.0 |
       Dungeon |   2443 |   2443 |      0 |   1908 |      0 |   1 | 2443.0 |
               +--------+--------+--------+--------+--------+-----+--------+

Top non-repeatable levels by time:
       D: 2443 daAuts
